 Dungeon Crawl Stone Soup version 0.19-a0-726-g4af737f (webtiles) character file.

1000 TheGoonsmith the Destroyer (level 8, 0/41 HPs)
             Began as a Deep Elf Conjurer on June 21, 2016.
             Was an Initiate of Vehumet.
             Shot with an arrow by a centaur (4 damage)
             ... on level 6 of the Dungeon.
             The game lasted 00:06:31 (3980 turns).

TheGoonsmith the Destroyer (Deep Elf Conjurer)      Turns: 3980, Time: 00:06:31

Health: 0/41       AC:  3    Str:  5    XL:     8   Next: 0%
Magic:  12/19      EV: 13    Int: 21    God:    Vehumet [......]
Gold:   178        SH:  0    Dex: 17    Spells: 3 memorised, 13 levels left

rFire  . . .     SeeInvis +     B - +0 quarterstaff
rCold  . . .     Gourm    .     s - +1 robe {rN+}
rNeg   + . .     Faith    .     (shield currently unavailable)
rPois  .         Spirit   .     (no helmet)
rElec  .         Dismiss  .     (no cloak)
rCorr  .         Reflect  .     (no gloves)
SustAt .         Harm     .     (no boots)
MR     .....                    r - amulet of magic regeneration
Stlth  ++........               (no ring)
                                p - ring of see invisible

@: not resistant to hostile enchantments, unstealthy
A: no striking features
a: Renounce Religion


You were on level 6 of the Dungeon.
You worshipped Vehumet.
Vehumet was noncommittal.
You were hungry.

You visited 2 branches of the dungeon, and saw 6 of its levels.

You collected 178 gold pieces.

Inventory:

Hand Weapons
 k - a +0 dagger
 B - a +0 quarterstaff (weapon)
Armour
 a - a +0 robe
 s - a +1 robe of positive energy (worn)
Jewellery
 p - a ring of see invisible (left hand)
 r - an amulet of magic regeneration (around neck)
 w - an uncursed amulet of regeneration
 y - a cursed ring of teleportation {unknown}
 C - an uncursed amulet of guardian spirit
Wands
 D - a wand of acid (4/15)
Scrolls
 e - a scroll of random uselessness {unknown}
 f - a scroll of amnesia {unknown}
 h - 2 scrolls of teleportation {unknown}
 j - 4 scrolls of identify {unknown}
 m - 2 scrolls of noise {unknown}
 q - a scroll of remove curse {unknown}
 t - 3 scrolls of recharging {unknown}
 v - a scroll of fear {unknown}
 A - a scroll of blinking {unknown}
Potions
 g - a potion of magic {unknown}
 i - a potion of flight {unknown}
 l - a potion of lignification {unknown}
 n - a potion of might {unknown}
 o - 3 potions of brilliance {unknown}
 u - a potion of agility {unknown}
 x - a potion of curing {unknown}
Books
 b - a book of Conjurations

   Spells                             Type                      Level
   a - Magic Dart                     Conjuration                  1
   b - Searing Ray                    Conjuration                  2
   c - Dazzling Spray                 Conjuration/Hexes            3
   d - Fulminant Prism                Conjuration/Hexes            4
   e - Iskenderun's Mystic Blast      Conjuration                  4
   f - Iskenderun's Battlesphere      Conjuration/Charms           5
Comestibles
 c - 2 bread rations
 d - 2 beef jerkies


   Skills:
 - Level 2.4 Dodging
 - Level 2.4 Stealth
 + Level 6.6 Spellcasting
 * Level 8.2 Conjurations
 * Level 6.3 Hexes


You had 13 spell levels left.
You knew the following spells:

 Your Spells              Type           Power        Failure   Level  Hunger
a - Magic Dart            Conj           ####         1%          1    None
b - Searing Ray           Conj           #####.       1%          2    None
c - Fulminant Prism       Conj/Hex       #####.....   6%          4    ###....


Dungeon Overview and Level Annotations

Branches:
Dungeon (6/15)             Temple (1/1) D:4

Altars:
Cheibriados
Fedhas
Nemelex Xobeh
Qazlal
Sif Muna
Vehumet
Yredelemnul
Zin
The Shining One

Shops:
D:4 :   D:6 !


Message History

The centaur is almost dead.
Casting: Magic Dart
Confirm with . or Enter, or press ? or * to list all spells.
Aiming: Magic Dart
Press: ? - help, Shift-Dir - straight line, f/p - centaur
Aim: a centaur, wielding a shortbow (almost dead)
The magic dart hits the centaur.
The centaur is almost dead.
The centaur shoots an arrow.
The arrow barely misses you.
Casting: Magic Dart
Confirm with . or Enter, or press ? or * to list all spells.
Aiming: Magic Dart
Press: ? - help, Shift-Dir - straight line, f/p - centaur
Aim: a centaur, wielding a shortbow (almost dead)
The magic dart hits the centaur.
The centaur is almost dead.
The centaur shoots an arrow.
The arrow hits you!
* * * LOW HITPOINT WARNING * * *
The centaur shoots an arrow.
The arrow hits you.
You die...

#########
........#
........#
........#
..c....@#
........#
##.######
######
##.!..#
......#
##..)>####c#
....<......#


You could see a centaur.

Vanquished Creatures
  Eustachio (D:5)
  Menkaure (D:5)
  3 ogres
  A howler monkey (D:4)
  A crimson imp (D:5)
  A hound (D:5)
  A jelly (D:5)
  3 orc priests (D:5)
  An orc wizard (D:4)
  An iguana (D:5)
  Jessica (D:2)
  3 worker ants
  2 shadow imps (D:5)
  An adder zombie (D:5)
  An adder skeleton (D:4)
  2 dart slugs
  A giant gecko (D:2)
  13 orcs
  6 bats
  2 giant cockroaches (D:1)
  8 goblins
  6 hobgoblins (D:1)
  17 jackals
  3 kobolds
  A ball python (D:1)
  A giant cockroach zombie (D:5)
  A giant newt (D:2)
  A quokka skeleton (D:5)
  2 rats (D:1)
86 creatures vanquished.

Vanquished Creatures (others)
  4 fulminant prisms
4 creatures vanquished.

Grand Total: 90 creatures vanquished

Notes
Turn   | Place    | Note
--------------------------------------------------------------
     0 | D:1      | TheGoonsmith the Deep Elf Conjurer began the quest for the Orb.
     0 | D:1      | Reached XP level 1. HP: 10/10 MP: 6/6
   169 | D:1      | Reached XP level 2. HP: 15/15 MP: 4/8
   515 | D:1      | Reached skill level 5 in Conjurations
   749 | D:1      | Reached XP level 3. HP: 19/19 MP: 5/10
  1140 | D:2      | Noticed Jessica
  1157 | D:2      | Killed Jessica
  1199 | D:2      | Reached XP level 4. HP: 24/24 MP: 10/12
  1211 | D:2      | Learned a level 4 spell: Fulminant Prism
  1216 | D:2      | Learned a level 2 spell: Searing Ray
  1429 | D:2      | You fall through a shaft for 2 floors!
  1558 | D:4      | Found Alubeyd's Book Emporium.
  1584 | D:4      | Reached skill level 6 in Conjurations
  1594 | D:4      | Reached skill level 1 in Hexes
  1594 | D:4      | Reached XP level 5. HP: 28/28 MP: 5/14
  1634 | D:4      | Found a staircase to the Ecumenical Temple.
  1652 | Temple   | Entered the Ecumenical Temple
  1657 | Temple   | Became a worshipper of Vehumet
  2014 | D:5      | Entered Level 5 of the Dungeon
  2160 | D:5      | Reached skill level 5 in Spellcasting
  2165 | D:5      | Noticed Menkaure
  2180 | D:5      | Killed Menkaure
  2180 | D:5      | Reached XP level 6. HP: 10/32 MP: 8/15
  2441 | D:5      | Reached skill level 7 in Conjurations
  2618 | D:5      | Noticed Eustachio
  2623 | D:5      | Killed Eustachio
  2623 | D:5      | Reached XP level 7. HP: 31/36 MP: 10/17
  2885 | D:5      | Reached skill level 5 in Hexes
  3531 | D:6      | Reached skill level 8 in Conjurations
  3912 | D:6      | Found Duxzui's Distillery.
  3919 | D:5      | Reached XP level 8. HP: 37/41 MP: 14/19
  3980 | D:6      | Shot with an arrow by a centaur

Vault maps used:
D:1:      ncdulo_smallfort
D:2:      first_bread, uniq_jessica
D:4:      serial_shops, shop
D:5:      uniq_eustachio, uniq_menkaure
D:6:      serial_shops, shop, nicolae_shop_stone, kennysheep_little_box,
          nicolae_shop_window_shopping, basic_altar
Temple:   grunt_wide_crystal_templ

Skill      XL: |  1  2  3  4  5  6  7 |
---------------+----------------------+-----
Conjurations   | 5 6 7 8 |  8.2
Spellcasting   | 4 5 6 |  6.6
Hexes          | 1 3 4 6 |  6.3
Dodging        | |  2.4
Stealth        | |  2.4

Action                   |  1- 3 |  4- 6 |  7- 9 || total
-------------------------+-------+-------+-------++-------
Melee: Unarmed           |     7 |       |       ||     7
 Cast: Magic Dart        |    65 |    59 |    43 ||   167
       Searing Ray       |       |     7 |    13 ||    20
       Fulminant Prism   |       |     1 |     3 ||     4
  Eat: Chunk             |     1 |     3 |     5 ||     9
Armor: Robe              |       |     2 |     2 ||     4
Dodge: Dodged            |     9 |     5 |    13 ||    27
